 Dungeon Crawl Stone Soup version 0.17.1-1-g73c8601 (webtiles) character file.

144 porizj the Ruffian (level 5, -14/79 HPs)
             Began as a Troll Berserker on Jan 8, 2016.
             Was a Believer of Trog.
             Demolished by an orc warrior
             ... wielding a +0 war axe of freezing
              (21 damage)
             ... on level 6 of the Dungeon.
             The game lasted 00:12:02 (1730 turns).

porizj the Ruffian (Troll Berserker)                Turns: 1730, Time: 00:12:02

Health: -14/79     AC:  5    Str: 31    XL:     5   Next: 5%
Magic:  4/4        EV: 10    Int:  3    God:    Trog [**....]
Gold:   69         SH:  0    Dex:  9    Spells: 0 memorised, 4 levels left

rFire  . . .     SeeInvis .       - Unarmed
rCold  . . .     Clarity  .     a - +0 animal skin
rNeg   . . .     SustAt   .     (no shield)
rPois  .         Gourm    +     (helmet restricted)
rElec  .         Spirit   .     (no cloak)
rCorr  .         Warding  .     (gloves unavailable)
rMut   .         Stasis   .     (boots unavailable)
MR     .....                    (no amulet)
Stlth  ..........               (no ring)
                                g - ring of flight

@: berserking, very quick, not resistant to hostile enchantments, extremely
unstealthy
A: unfitting armour, claws 3, fast metabolism 3, gourmand, regeneration 2,
shaggy fur 1, tough skin 2
a: Berserk, Trog's Hand, Burn Spellbooks, Renounce Religion, Evoke Flight


You were on level 6 of the Dungeon.
You worshipped Trog.
Trog was pleased with you.
You were very full.

You visited 1 branch of the dungeon, and saw 4 of its levels.

You collected 69 gold pieces.

Inventory:

Armour
 a - a +0 animal skin (worn)
Jewellery
 f - an uncursed amulet of resist mutation
 g - a ring of flight (left claw)
Wands
 n - a wand of slowing (15)
 o - a wand of digging (5)
Scrolls
 c - a scroll of amnesia
 i - a scroll of blinking
 l - a scroll of noise {unknown}
 r - a scroll of enchant armour {unknown}
Potions
 e - 2 potions of ambrosia {unknown}
 h - a potion of mutation {unknown}
 j - a potion of might {unknown}
 k - a potion of flight {unknown}
 p - a potion of cure mutation {unknown}
Comestibles
 b - 2 bread rations
 d - 2 slices of pizza
 m - 3 fruits
 q - 3 chunks of flesh


   Skills:
 + Level 3.2 Fighting
 + Level 3.4 Dodging
 + Level 0.2 Stealth
 + Level 4.1 Unarmed Combat


You had 4 spell levels left.
You didn't know any spells.

Dungeon Overview and Level Annotations

Branches:
Dungeon (6/15)
 Temple: D:4-7

Altars:


Innate Abilities, Weirdness & Mutations

You are too large for most types of armour.
You have claws for hands.
Your metabolism is lightning-fast.
You like to eat raw meat.
You heal very quickly.
You are covered in fur (AC +1).
You have very tough skin (AC +2).


Message History

The orc warrior hits you with a war axe of freezing.
The orc warrior freezes you.
You scratch the orc warrior.
The orc warrior is severely wounded.
The orc barely misses you.
You claw the orc warrior!
The orc warrior is almost dead.
The orc barely misses you.
The orc warrior hits you with a war axe of freezing.
* * * LOW HITPOINT WARNING * * *
The orc warrior freezes you.
* * * LOW HITPOINT WARNING * * *
The orc hits you.
* * * LOW HITPOINT WARNING * * *
A red film seems to cover your vision as you go berserk!
You feel yourself moving faster!
You feel mighty!
You feel somewhat less full. The orc hits you with a falchion!
* * * LOW HITPOINT WARNING * * *
The orc warrior hits you with a war axe of freezing!!
You die...

###### #.....# .....#
+.....# .....# #.....+
.....# #..o..#
.##'########.o...####
.#............o###..#
.#.............#....#
.#.............#o...#
.#............oo@...#
...............#o..##
.###############...#####
.# #.......# .#
#.......# .# #########
##


You could see an orc warrior and 3 orcs.

Vanquished Creatures
  A giant frog (D:6)
  A hound skeleton (D:6)
  Robin (D:3)
  An orc (D:3)
  A ball python (D:2)
  6 bats
  4 giant cockroaches
  5 hobgoblins
  8 jackals (D:1)
  7 kobolds
  4 giant newts
  9 goblins
  5 rats
53 creatures vanquished.

Vanquished Creatures (others)
  12 toadstools (D:2)
12 creatures vanquished.

Grand Total: 65 creatures vanquished

Notes
Turn   | Place    | Note
--------------------------------------------------------------
     0 | D:1      | porizj the Troll Berserker began the quest for the Orb.
     0 | D:1      | Reached XP level 1. HP: 22/22 MP: 0/0
   142 | D:1      | Reached XP level 2. HP: 29/29 MP: 1/1
   312 | D:1      | Reached ** piety under Trog
   734 | D:2      | Reached XP level 3. HP: 34/36 MP: 2/2
  1503 | D:3      | Noticed Robin
  1511 | D:3      | Killed Robin
  1624 | D:3      | You fall through a shaft for 3 floors!
  1672 | D:6      | Noticed a giant frog
  1678 | D:6      | Killed a giant frog
  1678 | D:6      | Reached skill level 4 in Unarmed Combat
  1678 | D:6      | Reached XP level 4. HP: 36/45 MP: 3/3
  1710 | D:6      | Noticed an orc warrior
  1713 | D:6      | Reached XP level 5. HP: 53/53 MP: 4/4
  1730 | D:6      | Demolished by an orc warrior

Action                   |  1- 3 |  4- 6 || total
-------------------------+-------+-------++-------
Melee: Unarmed           |   110 |    11 ||   121
Invok: Berserk           |     2 |     1 ||     3
  Use: Scroll            |     4 |       ||     4
  Eat: Chunk             |    22 |       ||    22
